 Dungeon Crawl Stone Soup version 0.26.1-11-gd32895ea62 (webtiles) character file.

Game seed: 3997562944532098653

133 bigdumb the Chiller (level 4, -1/30 HPs)
             Began as a Demonspawn Ice Elementalist on July 1, 2021.
             Was a Follower of Vehumet.
             Slain by a leopard gecko (3 damage)
             ... on level 2 of the Dungeon.
             The game lasted 00:08:20 (3519 turns).

bigdumb the Chiller (Demonspawn Ice Elementalist)   Turns: 3519, Time: 00:08:20

Health: -1/30      AC:  3    Str:  9    XL:     4   Next: 94%
Magic:  4/8        EV: 12    Int: 17    God:    Vehumet [*.....]
Gold:   94         SH:  0    Dex: 13    Spells: 2/9 levels left

rFire    . . .     SeeInvis .   (no weapon)
rCold    . . .     Faith    .   (no shield)
rNeg     . . .     Spirit   .   m - +0 robe (curse)
rPois    .         Reflect  .   (no helmet)
rElec    .         Harm     .   (no cloak)
rCorr    .         Rampage  .   (no gloves)
Will     .....                  (no boots)
Stlth    ++........             (no amulet)
HPRegen  0.10/turn              (no ring)
MPRegen  0.11/turn              (no ring)

@: frozen ramparts
A: sharp scales 1
a: Renounce Religion


You were on level 2 of the Dungeon.
You worshipped Vehumet.
Vehumet was aware of your devotion.
You visited 1 branch of the dungeon, and saw 3 of its levels.

You collected 94 gold pieces.

Inventory:

Armour
 a - a +0 robe
 m - a cursed +0 robe (worn)
Jewellery
 o - an uncursed amulet of guardian spirit {unknown}
Scrolls
 b - 5 scrolls of identify {unknown}
 d - 4 scrolls of magic mapping {unknown}
 f - a scroll of immolation {unknown}
 h - a scroll of fog {unknown}
 j - a scroll of teleportation {unknown}
 k - a scroll of enchant weapon {unknown}
 p - a scroll of random uselessness {unknown}
 q - a scroll of enchant armour {unknown}
Potions
 c - a potion of flight {unknown}
 e - 2 potions of haste {unknown}
 g - 2 potions of curing {unknown}
 i - 2 potions of attraction {unknown}
 l - 2 potions of invisibility {unknown}
 n - 2 potions of heal wounds {unknown}


   Skills:
 - Level 1.7 Dodging
 - Level 1.7 Stealth
 + Level 3.1 Spellcasting
 * Level 5.1 Ice Magic


You had 2 spell levels left.
You knew the following spells:

 Your Spells              Type           Power        Failure   Level
a - Freeze                Ice            80%          1%          1
b - Ozocubu's Armour      Ice            20%          6%          3
c - Frozen Ramparts       Ice            40%          6%          3

Your spell library contained the following spells:

 Spells                   Type           Power        Failure   Level
 Foxfire                  Conj/Fire      8%           17%         1
 Hailstorm                Conj/Ice       11%          52%         4
 Summon Ice Beast         Ice/Summ       11%          52%         4


Dungeon Overview and Level Annotations

Branches:
Dungeon (3/15)

Altars:
Ashenzari
Gozag
Trog
Uskayaw
Vehumet

Annotations:
D:2 Natasha
D:3 1 runed translucent door, Robin; nothank2's ghost, amateur MiFi


Innate Abilities, Weirdness & Mutations

You are partially covered in razor-sharp scales. (AC +1, Slay +1)


Message History

Aiming: Freeze (safe; 1% risk of failure)
Press: ? - help, Shift-Dir - straight line, f - goblin
Aim: a goblin, wielding a +0 club You freeze the goblin.
The goblin is moderately wounded.
The wall freezes the leopard gecko.
The leopard gecko bites you. The goblin completely misses you.
The wall freezes the hobgoblin.
You kill the hobgoblin!
Vehumet accepts your kill.
The wall freezes the goblin.
You kill the goblin!
Vehumet accepts your kill.
You can now gain magical power from killing.
Vehumet offers you knowledge of Foxfire.
Natasha claws you.
* * * LOW HITPOINT WARNING * * *
The goblin closely misses you. The hobgoblin hits you with a +0 club.
* * * LOW HITPOINT WARNING * * *
The wall freezes the leopard gecko.
The leopard gecko bites you.
You die...

##....####.###.####
#....# #.# #.# #.
#.#>## #.# #.# #.
##.#.# #.# #.# #.
#....#####.###.# #.
###..............#
#.
#.......####.#####
#. #..hgg.......#
#) #...@l..######
#. ###.g)### #.
#...# #. ##### ##


You could see Natasha, a leopard gecko, a hobgoblin and 2 goblins.

Vanquished Creatures
  5 gnolls
  3 adders
  An ooze (D:1)
  A dart slug (D:1)
  A leopard gecko (D:2)
  4 orcs (D:3)
  A giant cockroach (D:2)
  9 goblins
  5 hobgoblins
  10 kobolds
  2 ball pythons (D:1)
  2 bats (D:1)
  7 frilled lizards
  4 rats
55 creatures vanquished.

Notes
Turn   | Place    | Note
-------+----------+-------------------------------------------
     0 | D:1      | bigdumb the Demonspawn Ice Elementalist began the quest for
                  | the Orb.
     0 | D:1      | Reached XP level 1. HP: 13/13 MP: 3/3
   203 | D:1      | Reached skill level 4 in Ice Magic
   203 | D:1      | Gained mutation: You are partially covered in razor-sharp
                  | scales. (AC +1, Slay +1) [demonic ancestry]
   203 | D:1      | Reached XP level 2. HP: 13/19 MP: 0/5
   627 | D:1      | Reached XP level 3. HP: 7/24 MP: 0/6
  1833 | D:2      | Found a radiant altar of Vehumet.
  1833 | D:2      | Found an opulent altar of Gozag.
  1848 | D:2      | Became a worshipper of Vehumet
  1886 | D:2      | Found a hide-covered altar of Uskayaw.
  1889 | D:2      | Found a bloodstained altar of Trog.
  1971 | D:2      | Reached XP level 4. HP: 27/30 MP: 2/8
  2494 | D:2      | Learned a level 3 spell: Ozocubu's Armour
  2559 | D:2      | Reached skill level 5 in Ice Magic
  2780 | D:3      | Found a broken altar of Ashenzari.
  2885 | D:3      | Found a runed translucent door.
  2890 | D:3      | Noticed nothank2's ghost (amateur MiFi)
  3078 | D:3      | Learned a level 3 spell: Frozen Ramparts
  3515 | D:3      | Noticed Robin
  3515 | D:3      | Noticed Natasha
  3519 | D:2      | Reached * piety under Vehumet
  3519 | D:2      | Offered knowledge of Foxfire by Vehumet.
  3519 | D:2      | Slain by a leopard gecko

Illustrated notes

Levels and vault maps discovered:
D:1:      dpeg_arrival_snail, layout_loops_ring, nrook_campfire,
          minmay_misc_feat_square, grunt_decor_resistance
D:2:      layout_loops_ring, grunt_temple_overflow_cloverleaf
D:3:      layout_rooms, nicolae_overflow_hidden_temple,
          hellmonk_ghost_happy_afterlife, nicolae_underground_beach, uniq_robin,
          uniq_natasha

Skill      XL: |  1  2  3  4 |
---------------+-------------+-----
Ice Magic      | 4 5 |  5.1
Spellcasting   | 3 |  3.1
Dodging        | |  1.7
Stealth        | |  1.7

Action                   |  1- 3 |  4- 6 || total
-------------------------+-------+-------++-------
Melee: Unarmed           |     1 |     1 ||     2
 Cast: Freeze            |    55 |    28 ||    83
       Ozocubu's Armour  |       |     5 ||     5
       Frozen Ramparts   |       |     2 ||     2
Armor: Robe              |     8 |     5 ||    13
Dodge: Dodged            |    28 |    25 ||    53
